 Dungeon Crawl Stone Soup version 0.26-a0-639-g72c4674329 (webtiles) character file.

Game seed: 2462016262543031437

218 DogServant the Skirmisher (level 6, 0/51 HPs)
             Began as a Formicid Fighter on Sept 15, 2020.
             Slain by a river rat (8 damage)
             ... in a sewer.
             The game lasted 00:03:41 (2280 turns).

DogServant the Skirmisher (Formicid Fighter)        Turns: 2280, Time: 00:03:42

Health: 0/51       AC:  6    Str: 22    XL:     6   Next: 17%
Magic:  6/6        EV:  8    Int:  8    God:
Gold:   97         SH: 10    Dex: 10    Spells: 5/5 levels left

rFire    . . .     SeeInvis +   a - +0 war axe
rCold    . . .     Faith    .   c - +1 kite shield
rNeg     . . .     Spirit   .   b - +0 scale mail
rPois    .         Reflect  .   (helmet unavailable)
rElec    .         Harm     .   (no cloak)
rCorr    .         Rampage  .   (no gloves)
MR       .....                  (no boots)
Stlth    ..........             (no amulet)
HPRegen  0.17/turn              (no ring)
MPRegen  0.10/turn              (no ring)

@: mighty, very slow
A: permanent stasis, dig shafts and tunnels, four strong arms, antennae 3
a: Dig, Shaft Self


You were in a sewer.
You visited 1 branch of the dungeon, and saw 3 of its levels.
You also visited: Sewer.

You collected 97 gold pieces.

Inventory:

Hand Weapons
 a - a +0 war axe (weapon)
Armour
 b - a +0 scale mail (worn)
 c - a +1 kite shield (worn)
Jewellery
 r - an uncursed ring of ice
Scrolls
 h - a scroll of enchant armour
 j - a scroll of noise
 k - 2 scrolls of remove curse
 m - a scroll of fog
Potions
 d - a potion of might
 f - 7 potions of curing {unknown}
 g - a potion of berserk rage {unknown}
 i - a potion of lignification {unknown}
 l - 2 potions of magic {unknown}
 n - 2 potions of stabbing {unknown}
 o - 2 potions of flight {unknown}
 p - a potion of invisibility


   Skills:
 + Level 5.4 Fighting
 + Level 4.2 Axes
 - Level 3.4 Armour
 - Level 3.8 Shields


You had 5 spell levels left.
You didn't know any spells.
Your spell library was empty.

Dungeon Overview and Level Annotations

Branches:
Dungeon (3/15)              Sewer (1/1)

Altars:
Fedhas


Innate Abilities, Weirdness & Mutations

You cannot be hasted, slowed, berserked, paralysed or teleported.
You can dig through walls and to a lower floor.
Your four strong arms can wield two-handed weapons with a shield.
You have a pair of large antennae on your head. (SInv)


Message History

* * * LOW HITPOINT WARNING * * *
The river rat barely misses you.
Okay, then.
You feel very mighty all of a sudden. The river rat barely misses you.
The river rat bites you but does no damage.
You block the river rat's attack. The river rat closely misses you.
You are too injured to fight recklessly!
You are too injured to fight recklessly!
You are too injured to fight recklessly!
You are too injured to fight recklessly!
You closely miss the river rat. You slash the river rat!
You barely miss the river rat. You slash the river rat!
You kill the river rat!
The river rat bites you.
* * * LOW HITPOINT WARNING * * *
You block the river rat's attack. x2
Your unstable footing causes you to fumble your attack.
The river rat bites you!
You die...

##....≈.≈≈≈.......#
##.......≈≈≈......#
##.......≈≈≈≈.....#
##........≈≈≈≈.....#
#..#.......≈≈≈.....#
#.###......≈≈≈.....##
#∩###.....≈≈≈.......#
####†.....r≈≈r..##...#
##†....@r†rr.## ...#
#......rr≈≈r≈## ..##
##.....≈.≈≈≈≈..# ..#
#.......≈≈≈≈≈≈....##
#......≈≈≈≈≈≈≈....#
#.......≈≈≈≈≈≈....#
##.....≈≈≈≈≈≈≈≈....#
##....≈≈≈≈≈≈≈......
#....≈≈≈≈≈≈≈#.


You could see 4 river rats and 4 rats.

Vanquished Creatures
  Robin (D:2)
  3 gnolls (D:2)
  3 river rats
  4 adders
  An ooze (D:2)
  3 worms
  3 dart slugs
  5 leopard geckos
  3 orcs (D:3)
  2 bats
  4 giant cockroaches
  14 goblins
  7 hobgoblins
  14 kobolds
  3 quokkas
  5 ball pythons
  5 frilled lizards
  13 rats
93 creatures vanquished.

Notes
Turn   | Place    | Note
-------+----------+-------------------------------------------
     0 | D:1      | DogServant the Formicid Fighter began the quest for the
                  | Orb.
     0 | D:1      | Reached XP level 1. HP: 18/18 MP: 1/1
   152 | D:1      | Reached XP level 2. HP: 24/24 MP: 2/2
   414 | D:1      | Reached XP level 3. HP: 30/30 MP: 3/3
   539 | D:1      | Reached skill level 4 in Fighting
   679 | D:2      | Noticed Robin
   705 | D:2      | Killed Robin
   705 | D:2      | Reached XP level 4. HP: 29/37 MP: 4/4
  1186 | D:2      | Reached XP level 5. HP: 35/43 MP: 5/5
  1640 | D:3      | Found a blossoming altar of Fedhas.
  1743 | D:3      | Reached skill level 5 in Fighting
  2055 | D:3      | Found a glowing drain.
  2059 | Sewer    | Entered a sewer
  2212 | Sewer    | Reached XP level 6. HP: 42/51 MP: 6/6
  2280 | Sewer    | Slain by a river rat

Illustrated notes

Levels and vault maps discovered:
D:1:      wander_arrival_peaceful_grave, layout_loops_ring, minmay_pentomino_x4
D:2:      layout_basic, serial_glass, glass_columns_a, glass_columns_a,
          item_on_display_a, item_on_display_a, uniq_robin
D:3:      layout_loops_cross, lemuel_crystal_altar, bloody_makhleb,
          gup_sewer_entry_spiral
Sewer:    sewer_minmay_treatment

Skill      XL: |  1  2  3  4  5 |
---------------+----------------+-----
Fighting       | 4 5 |  5.4
Axes           | 3 4 |  4.2
Armour         | |  3.4
Shields        | |  3.8

Action                   |  1- 3 |  4- 6 || total
-------------------------+-------+-------++-------
Melee: War axe           |    83 |   171 ||   254
  Use: Scroll            |       |     6 ||     6
       Potion            |       |     1 ||     1
Armor: Scale mail        |    38 |    58 ||    96
Dodge: Dodged            |    35 |    64 ||    99
Block: Kite shield       |    53 |   127 ||   180

Table legend: (Time is in decaauts)
 A = Elapsed time spent in this place.
 B = Non-inter-level travel time spent in this place.
 C = Inter-level travel time spent in this place.
 D = Time resting spent in this place.
 E = Time spent auto-exploring this place.
 F = Levels seen in this place.
 G = Mean time per level.
                   A        B        C        D        E       F      G
               +--------+--------+--------+--------+--------+-----+--------+
         Total |   2405 |   2367 |     38 |      0 |   1677 |   4 |  601.2 |
       Dungeon |   2157 |   2119 |     38 |      0 |   1556 |   3 |  719.0 |
         Sewer |    247 |    247 |      0 |      0 |    121 |   1 |  247.0 |
               +--------+--------+--------+--------+--------+-----+--------+

Top non-repeatable levels by time:
     D:2: 1003 daAuts
     D:1: 635 daAuts
     D:3: 519 daAuts
   Sewer: 247 daAuts
